 Dungeon Crawl Stone Soup version 0.19.1 (webtiles) character file.

319 dohliylev the Covert (level 6, -4/42 HPs)
             Began as a Vampire Enchanter on Nov 29, 2016.
             Slain by an orc
             ... wielding a +0 flail
              (11 damage)
             ... on level 3 of the Dungeon.
             The game lasted 00:12:46 (2679 turns).

dohliylev the Covert (Vampire Enchanter)            Turns: 2679, Time: 00:12:46

Health: -4/42      AC:  6    Str:  7    XL:     6   Next: 21%
Magic:  0/10       EV: 13    Int: 17    God:
Gold:   142        SH:  0    Dex: 17    Spells: 4 memorised, 1 level left

rFire  . . .     SeeInvis +     a - +1 dagger
rCold  . . .     Gourm    .     b - +1 robe
rNeg   + . .     Faith    .     (no shield)
rPois  .         Spirit   .     p - +0 helmet
rElec  .         Reflect  .     x - +1 cloak {MR+}
rCorr  .         Harm     .     (no gloves)
MR     +....                    (no boots)
Stlth  ++++......               (no amulet)
                                (no ring)
                                (no ring)

@: no status effects
A: fangs 3, see invisible, unbreathing
a: Bat Form


You were on level 3 of the Dungeon.
You were not thirsty.

You visited 1 branch of the dungeon, and saw 3 of its levels.

You collected 142 gold pieces.

Inventory:

Hand Weapons
 a - a +1 dagger (weapon)
 v - a +2 short sword of speed
 y - a +0 short sword of draining
Missiles
 l - 22 poisoned needles
 s - 8 javelins (quivered)
Armour
 b - a +1 robe (worn)
 p - a +0 helmet (worn)
 x - a +1 cloak of magic resistance (worn)
Wands
 m - a wand of digging (9/24)
Scrolls
 e - 2 scrolls of enchant armour {unknown}
 f - a scroll of enchant weapon {unknown}
 g - 2 scrolls of fear {unknown}
 h - 2 scrolls of immolation {unknown}
 i - 3 scrolls of remove curse {unknown}
 j - a scroll of random uselessness {unknown}
 o - 2 scrolls of blinking {unknown}
 q - 3 scrolls of amnesia {unknown}
 r - a scroll of fog {unknown}
 t - a scroll of teleportation {unknown}
 u - 5 scrolls of identify {unknown}
 z - a scroll of noise {unknown}
 A - a scroll of recharging {unknown}
Potions
 d - 4 potions of blood
 k - 3 potions of curing {unknown}
 n - a potion of flight {unknown}
 w - a potion of heal wounds {unknown}
Books
 c - a book of Maledictions

   Spells                             Type                      Level
   a - Corona                         Hexes                        1
   b - Ensorcelled Hibernation        Hexes/Ice                    2
   c - Confuse                        Hexes                        3
   d - Tukima's Dance                 Hexes                        3
   e - Dazzling Spray                 Conjuration/Hexes            3


   Skills:
 + Level 0.3 Fighting
 + Level 2.4 Short Blades
 + Level 2.5 Dodging
 * Level 8.0 Stealth
 + Level 2.8 Spellcasting
 * Level 5.9 Hexes
 + Level 1.1 Ice Magic


You had one spell level left.
You knew the following spells:

 Your Spells              Type           Power        Failure   Level  Hunger
a - Corona                Hex            ###....      1%          1    #......
b - Ensorcelled Hibernat  Hex/Ice        ##....       10%         2    ##.....
c - Dazzling Spray        Conj/Hex       ##....       17%         3    ###....
d - Tukima's Dance        Hex            ###.....     6%          3    ###....


Dungeon Overview and Level Annotations

Branches:
Dungeon (3/15)

Altars:
Fedhas
Okawaru
Sif Muna
Trog
Zin


Innate Abilities, Weirdness & Mutations

You have razor-sharp teeth.
You have supernaturally acute eyesight. (SInv)
You can survive without breathing.


Message History

Casting: Ensorcelled Hibernation
Confirm with . or Enter, or press ? or * to list all spells.
Aiming: Ensorcelled Hibernation
Press: ? - help, Shift-Dir - straight line, f - orc
Aim: an orc, wielding a flail and wearing a scale mail (heavily wounded, chance to defeat MR: 62%)
The orc resists with significant effort.
The orc misses you.
You hit the orc but do no damage.
The orc is heavily wounded.
You hit the orc but do no damage.
The orc is heavily wounded.
The orc barely misses you.
You hit the orc but do no damage.
The orc is heavily wounded.
The orc hits you with a flail!
* * * LOW HITPOINT WARNING * * *
You hit the orc but do no damage. You bite the orc, but do no damage.
The orc is heavily wounded.
The orc hits you with a flail!
You die...

...##....≈≈≈....#
.####...≈≈≈≈≈...####
.#.....≈≈...≈≈.....#
.......≈≈)>.≈≈..._.#
.#.....≈≈...≈≈.....#
.####...≈≈≈≈≈...####
....#....≈≈≈....#
##.###.........###
.....##.......##@#
##.#..###...####o#
##.#.#..##### #.#
##.#.#...#.# #.#
##.#.#...#.#####.#
##.#.#.......o...#.#
##†#.....#.#######.#
##>#.#..>..# ..#.#
##.#.#.#.#.# ##.#.#


You could see an orc.

Vanquished Creatures
  Sigmund (D:2)
  Crazy Yiuf (D:2)
  An orc wizard (D:3)
  Robin (D:2)
  2 adders
  2 worms
  2 leopard geckos
  2 orcs (D:3)
  5 bats
  A giant cockroach (D:3)
  13 goblins
  9 hobgoblins
  2 quokkas
  5 frilled lizards
  3 kobolds
  6 rats
56 creatures vanquished.

Vanquished Creatures (others)
  A dancing weapon (D:2)
1 creature vanquished.

Grand Total: 57 creatures vanquished

Notes
Turn   | Place    | Note
-------+----------+-------------------------------------------
     0 | D:1      | dohliylev the Vampire Enchanter began the quest for the Orb.
     0 | D:1      | Reached XP level 1. HP: 13/13 MP: 3/3
   180 | D:1      | Reached XP level 2. HP: 19/19 MP: 5/5
   184 | D:1      | Learned a level 2 spell: Ensorcelled Hibernation
   490 | D:1      | Reached skill level 5 in Stealth
   660 | D:2      | Reached XP level 3. HP: 24/24 MP: 6/6
   718 | D:2      | Noticed Sigmund
   754 | D:2      | Killed Sigmund
   754 | D:2      | Reached skill level 7 in Stealth
   754 | D:2      | Reached skill level 5 in Hexes
   754 | D:2      | Reached XP level 4. HP: 14/30 MP: 3/7
   754 | D:2      | Reached XP level 5. HP: 17/35 MP: 3/8
  1114 | D:2      | Learned a level 3 spell: Dazzling Spray
  1118 | D:2      | Learned a level 3 spell: Tukima's Dance
  1119 | D:2      | Noticed Robin
  1164 | D:2      | Killed Robin
  1389 | D:2      | Found a glowing silver altar of Zin.
  1428 | D:2      | Found a bloodstained altar of Trog.
  1560 | D:2      | Found a runed door.
  1594 | D:2      | Noticed Crazy Yiuf
  1599 | D:2      | Killed Crazy Yiuf
  1599 | D:2      | Reached skill level 1 in Ice Magic
  1928 | D:3      | Reached XP level 6. HP: 41/41 MP: 0/10
  2018 | D:3      | Found a deep blue altar of Sif Muna.
  2281 | D:3      | Found an iron altar of Okawaru.
  2484 | D:3      | Found a blossoming altar of Fedhas.
  2484 | D:3      | Found a faded altar of an unknown god.
  2490 | D:3      | Found a faded altar of an unknown god.
  2492 | D:3      | Found a faded altar of an unknown god.
  2494 | D:3      | Found a faded altar of an unknown god.
  2610 | D:3      | Reached skill level 8 in Stealth
  2679 | D:3      | Slain by an orc

Skill      XL: |  1  2  3  4  5  6 |
---------------+-------------------+-----
Stealth        | 5 7 8 |  8.0
Short Blades   | 2 |  2.4
Hexes          | 5 |  5.9
Ice Magic      | 1 |  1.1
Fighting       | |  0.3
Dodging        | |  2.5
Spellcasting   | |  2.8

Action                   |  1- 3 |  4- 6 || total
-------------------------+-------+-------++-------
Melee: Dagger            |    49 |   135 ||   184
       Bite              |     3 |     9 ||    12
 Cast: Corona            |     3 |       ||     3
       Ensorcelled Hiber |     7 |    17 ||    24
       Dazzling Spray    |       |     9 ||     9
       Tukima's Dance    |       |     1 ||     1
 Abil: End Transformatio |       |     2 ||     2
       Bat Form          |       |     2 ||     2
 Stab: Sleeping          |    13 |    12 ||    25
       Invisible         |       |     1 ||     1
  Eat: Corpse            |     8 |     6 ||    14
Armor: Robe              |     9 |    25 ||    34
Dodge: Dodged            |    24 |    70 ||    94
